 Zot Defence DCSS version 0.15.2 (webtiles) character file.

807 namelastname112 the Chopper (level 7, -5/38 (62) HPs)
             Began as a Green Draconian Berserker on May 21, 2016.
             Was a Believer of Trog.
             Slain by Sigmund
             ... wielding a +7 vampiric scythe
              (15 damage)
             ... in the Realm of Zot (Scenario V: Glassed Sandwich).
             The game lasted 00:05:03 (808 turns).

namelastname112 the Chopper (DrBe)                   Turns: 808, Time: 00:05:04

HP  -5/38 (62)   AC  6     Str 19      XL: 7   Next: 60%
MP   7/7         EV 14     Int  8      God: Trog [**....]
Gold 0           SH  0     Dex 12      Spells:  0 memorised,  6 levels left

rFire  . . .     SeeInvis .     a - +0 hand axe
rCold  . . .     Clarity  .     (armour unavailable)
rNeg   . . .     rCorr    .     (no shield)
rPois  +         rRot     .     (helmet restricted)
rElec  .         Spirit   .     (no cloak)
SustAb .         Warding  .     (no gloves)
rMut   .         Stasis   .     (no boots)
Gourm  .                        (no amulet)
MR     ++...                    (no ring)
                                (no ring)

@: short of breath, regenerating, very resistant to hostile enchantments, very
unstealthy
A: breathe noxious fumes, unfitting armour, poison resistance, cold-blooded, AC
+6
a: Make oklob sapling, Make arrow trap, Make plant, Remove Curse, Make burning
bush, Make altar, Make grenades, Make oklob plant, Breathe Noxious Fumes, Burn
Spellbooks, Berserk, Trog's Hand, Renounce Religion


You were in the Realm of Zot.
You worshipped Trog.
Trog was pleased with you.
You were not hungry.

You visited 1 branch

Inventory:

Hand weapons
 a - a +0 hand axe (weapon)
Comestibles
 b - 3 chunks of elf flesh
 d - a bread ration
Scrolls
 i - a scroll of blinking
Potions
 f - a potion of haste
 g - 2 potions of magic
 h - a potion of berserk rage


   Skills:
 + Level 5.9 Fighting
 * Level 6.6 Axes
 + Level 4.7 Dodging


You had 6 spell levels left.
You didn't know any spells.

Dungeon Overview and Level Annotations

Branches:
    Zot (1/1)

Altars:

Annotations:
Zot Sigmund


Innate Abilities, Weirdness & Mutations

You can breathe blasts of noxious fumes.
Your lurid green scales are hard (AC +6).
Your body does not fit into most forms of armour.
Your system is resistant to poisons.
Your cold-blooded metabolism reacts poorly to cold.


Message History

Your skin stops crawling.
You feel less resistant to hostile enchantments.
Something hits your plant but does no damage. x3
Something hits your plant but does no damage. x3
Something hits your plant but does no damage. x3
Something hits your plant but does no damage. x3
Something hits you!
Something hits your plant but does no damage. x3
Something hits your plant.
Something hits your plant but does no damage.
You hear some strange, mumbled words.
The magic dart hits you!
* * * LOW HITPOINT WARNING * * *
Something hits your plant but does no damage.
Use which ability? (? or * to list)
Your skin crawls.
You feel resistant to hostile enchantments.
Something hits your plant but does no damage. x2
Something hits you!
You die...

▓▓▓▓▓▓▓▓▓▓▓▓▓▓▓▓▓▓▓▓▓▓▓▓▓▓▓▓▓▓▓▓▓
.................................
..............▓▓%▓▓..............
.............▓▓.).▓▓.............
............▓▓..)..▓▓............
...........▓▓..))...▓▓...........
..........▓▓....%....▓▓..........
▓▓▓▓▓▓▓▓▓▓▓.....)%P...▓▓▓▓▓▓▓▓▓▓▓
∆∆∆∆∆∆[▓▓▓▓▓▓▓▓)@.▓▓▓▓▓▓▓▓▓∆∆∆∆∆∆
▓▓▓▓▓▓▓▓▓▓▓...P).)P...▓▓▓▓▓▓▓▓▓▓▓
..........▓▓..).)....▓▓..........
...........▓▓..%)...▓▓...........
............▓▓..%..▓▓............
............l▓▓...▓▓%.)..........
............lS▓▓%▓▓Kl............
............rlWP.P.Jh............
▓▓▓▓▓▓▓▓▓▓▓▓▓▓▓▓▓▓▓▓▓▓▓▓▓▓▓▓▓▓▓▓▓


You could see 4 iguanas, a hound, an ooze, a green rat, a ball python, a kobold,
a friendly oklob plant and 2 friendly oklob saplings.

Vanquished Creatures
  A deep elf mage (Zot)
  A wight (Zot)
  An iguana (Zot)
  A gnoll (Zot)
  A worm (Zot)
  A giant mite (Zot)
  3 oozes (Zot)
  2 bats (Zot)
  A giant cockroach (Zot)
  5 goblins (Zot)
  A hobgoblin (Zot)
  A jackal (Zot)
  2 ball pythons (Zot)
  3 giant newts (Zot)
  4 giant newt zombies (Zot)
  A goblin zombie (Zot)
  6 kobolds (Zot)
  A kobold zombie (Zot)
  8 rats (Zot)
  A rat zombie (Zot)
45 creatures vanquished.

Vanquished Creatures (collateral kills)
  A hound (Zot)
  2 iguanas (Zot)
  A green rat (Zot)
  A shadow imp (Zot)
  7 goblins (Zot)
  A hobgoblin (Zot)
  A quokka (Zot)
  A ball python (Zot)
  3 bats (Zot)
  6 giant newts (Zot)
  A giant newt zombie (Zot)
  A goblin zombie (Zot)
  3 kobolds (Zot)
  2 kobold zombies (Zot)
  5 rats (Zot)
36 creatures vanquished.

Vanquished Creatures (others)
  A plant (Zot)
1 creature vanquished.

Grand Total: 82 creatures vanquished

Notes
Turn   | Place    | Note
--------------------------------------------------------------
     0 | Zot      | namelastname112, the Draconian Berserker, began the quest for the Orb.
     0 | Zot      | Reached XP level 1. HP: 19/19 MP: 1/1
   246 | Zot      | Reached XP level 2. HP: 12/26 MP: 2/2
   257 | Zot      | HP: 1/26 [ooze (4)]
   261 | Zot      | Noticed Trobb
   272 | Zot      | Reached XP level 3. HP: 33/33 MP: 3/3
   276 | Zot      | Killed Trobb the wight
   276 | Zot      | Reached skill level 4 in Fighting
   276 | Zot      | Reached XP level 4. HP: 28/40 MP: 4/4
   377 | Zot      | Reached XP level 5. HP: 37/47 MP: 5/5
   473 | Zot      | Acquired Trog's second power
   542 | Zot      | Reached skill level 5 in Axes
   562 | Zot      | Noticed Yliessab
   576 | Zot      | Reached XP level 6. HP: 51/55 MP: 6/6
   663 | Zot      | Noticed Vischub
   673 | Zot      | Killed Vischub the deep elf mage
   673 | Zot      | Reached skill level 5 in Fighting
   673 | Zot      | Reached skill level 6 in Axes
   673 | Zot      | Your scales start taking on a lurid green colour.
   673 | Zot      | Gained mutation: Your system is resistant to poisons. [draconian maturity]
   673 | Zot      | Reached XP level 7. HP: 62/62 MP: 7/7
   762 | Zot      | Noticed Sigmund
   808 | Zot      | Slain by Sigmund

Action                   |  1- 3 |  4- 6 |  7- 9 || total
-------------------------+-------+-------+-------++-------
Melee: Hand axe          |    34 |    77 |    15 ||   126
Invok: Berserk           |     1 |     2 |       ||     3
       Trog's Hand       |       |       |     2 ||     2
 Abil: Make oklob saplin |     1 |     1 |       ||     2
       Make plant        |       |     3 |       ||     3
       Breathe Noxious F |       |       |     2 ||     2
       Make oklob plant  |       |       |     1 ||     1
  Use: Potion            |     1 |       |     3 ||     4
 Stab: Distracted        |     1 |     2 |       ||     3
